 Dungeon Crawl Stone Soup version 0.31-a0-960-g0fca184906 (webtiles) character file.

Game seed: 79280229862976988

2 Flugkiller the Trooper (level 1, -2/18 HPs)
             Began as a Formicid Cinder Acolyte on Oct 23, 2023.
             Was a High Priest of Ignis.
             Frozen to death by an endoplasm (5 damage)
             ... on level 1 of the Dungeon.
             The game lasted 00:00:14 (65 turns).

Flugkiller the Trooper (Formicid Cinder Acolyte)      Turns: 65, Time: 00:00:15

Health: -2/18      AC: 10    Str: 18    XL:     1   Next: 33%
Magic:  2/2        EV:  5    Int: 13    God:    Ignis [*****.]
Gold:   3          SH:  0    Dex:  9    Spells: 2/2 levels left

rFire   + . .        a - -1 hand axe (flame)
rCold   . . .        (no shield)
rNeg    . . .        d - +0 plate armour
rPois   .            (helmet unavailable)
rElec   .            (no cloak)
rCorr   .            (no gloves)
SInv    +            (no boots)
Will    .....        (no amulet) Stlth
                     (no ring)
HPRegen 0.23/turn    (no ring)
MPRegen 0.08/turn

%: no passive effects
@: no status effects
A: permanent stasis, dig shafts and tunnels, antennae 3, four strong arms
a: Dig, Shaft Self, Renounce Religion, Fiery Armour, Foxfire Swarm, Rising Flame


You were on level 1 of the Dungeon.
You worshipped Ignis.
Ignis was extremely pleased with you.
You visited 1 branch of the dungeon, and saw 1 of its levels.

You collected 3 gold pieces.

Inventory:

Hand Weapons
 a - a -1 hand axe of flaming (weapon)
Armour
 b - a +0 robe
 d - a +0 plate armour (worn)
   (You found it on level 1 of the Dungeon)
Scrolls
 c - a scroll of vulnerability {unknown}


   Skills:
 + Level 3.3 Fighting
 + Level 3.0 Axes
 + Level 0.2 Armour
 - Level 1.1 Spellcasting
 - Level 3.0 Fire Magic


You had 2 spell levels left.
You didn't know any spells.
Your spell library contained the following spells:

 Spells                   Type           Power      Damage    Failure   Level
 Scorch                   Fire           16%        2d5       100%        2


Dungeon Overview and Level Annotations

Branches:
Dungeon (1/15) Zot: 5932

Altars:


Innate Abilities, Weirdness & Mutations

You cannot be hasted, slowed, berserked, paralysed or teleported.
You can dig through walls and to a lower floor.
You have a pair of large antennae on your head. (SInv)
Your four strong arms can wield two-handed weapons with a shield.


Message History

Welcome, Flugkiller the Formicid Cinder Acolyte.
The fantabulous Orb of Zot lies far below, as if waiting for you to find it.
The flames of Ignis gently warm you.
Press ? for a list of commands and other information.
Found four items.
Found a staircase leading out of the dungeon.
You now have 3 gold pieces.
You see here a +0 plate armour.
Found a mace.
You sense a monster nearby.
c - a scroll labelled ESHREU XIDEONI An endoplasm comes into view.
You see here a +0 plate armour.
d - a +0 plate armour You start removing your armour.
You continue taking off your +0 robe. x4
You finish taking off your +0 robe.
You start putting on your armour.
You continue putting on your +0 plate armour. x5
You finish putting on your +0 plate armour.
The endoplasm quivers.
An endoplasm is nearby!
An endoplasm is nearby!
A goblin comes into view. It is wielding a +0 dagger.
The goblin shouts!
You hear a shout!
The endoplasm hits you but does no damage.
You completely miss the endoplasm. The endoplasm freezes you.
You are frozen.
You hit the endoplasm but do no damage.
A dart slug comes into view.
The endoplasm freezes you.
You are frozen.
You completely miss the endoplasm. The endoplasm freezes you.
You are frozen.
You hit the endoplasm. You burn the endoplasm.
The endoplasm is almost dead.
The endoplasm freezes you.
You are frozen.
You hit the endoplasm. You burn the endoplasm.
You kill the endoplasm!
You barely miss the goblin. The goblin hits you with a +0 dagger.
The goblin hits you but does no damage.
You are too injured to fight recklessly!
You are too injured to fight recklessly!
You hit the goblin. You burn the goblin.
You kill the goblin!
The dart slug launches a dart at you. The slug dart hits you.
You see here a +0 dagger.
The dart slug launches a dart at you.
The slug dart hits you but does no damage.
An endoplasm comes into view.
The endoplasm quivers.
The dart slug bites you but does no damage.
A hobgoblin comes into view.
A rat comes into view.
The hobgoblin shouts!
You hit the dart slug but do no damage.
The dart slug bites you but does no damage.
Unknown command.
You hit the dart slug. You burn the dart slug.
The dart slug is moderately wounded.
You hit the dart slug. You burn the dart slug.
The dart slug is almost dead.
The dart slug launches a dart at you. The slug dart hits you.
* * * LOW HITPOINT WARNING * * *
Unknown command.
Unknown command.
You don't know any spells.
The endoplasm freezes you.
You are frozen.
You die...

#. #§≈≈# #. ####≈#### ..
##.......## #.
##.........## ####r
##...........##
#....,#.............#
...#.#.?##.............#
.....g.#J#)............#
,,,#w.@......<.........
#..#.#.............#.#
......##.............##.
##.###. #...........).#
. # #. ##...........##
#. ##.........## #.
##.......## #. ####≈####


You could see a dart slug, an endoplasm and a hobgoblin.

Vanquished Creatures
  An endoplasm (D:1)
  A goblin (D:1)
2 creatures vanquished.

Notes
Turn   | Place    | Note
-------+----------+-------------------------------------------
     0 | D:1      | Flugkiller the Formicid Cinder Acolyte began the quest for
                  | the Orb.
     0 | D:1      | Reached XP level 1. HP: 18/18 MP: 2/2
    65 | D:1      | Frozen to death by an endoplasm

Illustrated notes

Levels and vault maps discovered:
D:1:      psy_arrival_dodecagon, layout_loops_ring, minmay_box_of_dots

Action                     || total
---------------------------++-------
  Melee: Hand axe          ||     9
 Armour: Plate armour      ||     8

Table legend: (Time is in decaauts)
 A = Elapsed time spent in this place.
 B = Non-inter-level travel time spent in this place.
 C = Inter-level travel time spent in this place.
 D = Time resting spent in this place.
 E = Time spent auto-exploring this place.
 F = Levels seen in this place.
 G = Mean time per level.
                   A        B        C        D        E       F      G
               +--------+--------+--------+--------+--------+-----+--------+
         Total |     66 |     66 |      0 |      0 |     24 |   1 |   66.0 |
       Dungeon |     66 |     66 |      0 |      0 |     24 |   1 |   66.0 |
               +--------+--------+--------+--------+--------+-----+--------+

Top non-repeatable levels by time:
     D:1: 66 daAuts
